 Dungeon Crawl Stone Soup version 0.27-a0-343-gfcad680f63 (webtiles) character file.

Game seed: 7598107965990555397

79 tilp the Sneak (level 4, -1/29 HPs)
             Began as an Octopode Transmuter on Feb 14, 2021.
             Slain by a worker ant (7 damage)
             ... on level 2 of the Dungeon.
             The game lasted 00:02:53 (1819 turns).

tilp the Sneak (Octopode Transmuter)                Turns: 1819, Time: 00:02:54

Health: -1/29      AC:  1    Str:  9    XL:     4   Next: 38%
Magic:  7/7        EV: 13    Int: 16    God:
Gold:   76         SH:  0    Dex: 12    Spells: 4/7 levels left

rFire    . . .     SeeInvis .     - Unarmed
rCold    . . .     Faith    .   (no shield)
rNeg     . . .     Spirit   .   (helmet restricted)
rPois    .         Reflect  .   (no amulet)
rElec    .         Harm     .   a - ring of flight
rCorr    .         Rampage  .   (no ring)
Will     .....                  (no ring)
Stlth    +++.......             (no ring)
HPRegen  0.09/turn              (no ring)
MPRegen  0.10/turn              (no ring)
                                (no ring)
                                (no ring)

@: lethally poisoned (-1 -> -11)
A: almost no armour, stealthy swim, amphibious, 8 rings, constrict 8, camouflage
1, gelatinous body 1
a: Evoke Flight


You were on level 2 of the Dungeon.
You visited 1 branch of the dungeon, and saw 2 of its levels.

You collected 76 gold pieces.

Inventory:

Missiles
 g - 6 stones
 k - 7 datura-tipped darts
Jewellery
 a - a ring of flight (left tentacle)
Scrolls
 b - a scroll of amnesia {unknown}
 d - a scroll of magic mapping {unknown}
 e - a scroll of enchant armour
 f - a scroll of fog {unknown}
 h - a scroll of identify {unknown}
 j - a scroll of enchant weapon {unknown}
 m - a scroll of immolation {unknown}
Potions
 c - 2 potions of flight {unknown}
 i - a potion of magic {unknown}
 l - a potion of curing {unknown}


   Skills:
 + Level 2.1 Fighting
 - Level 2.0 Dodging
 - Level 4.0 Stealth
 + Level 3.5 Unarmed Combat
 - Level 2.0 Spellcasting
 - Level 2.0 Transmutations


You had 4 spell levels left.
You knew the following spells:

 Your Spells              Type           Power        Failure   Level
a - Beastly Appendage     Tmut           16%          9%          1
b - Wereblood             Tmut           8%           14%         2

Your spell library contained the following spells:

 Spells                   Type           Power        Failure   Level
 Spider Form              Tmut/Pois      2%           38%         3
 Ice Form                 Ice/Tmut       4%           80%         4
 Blade Hands              Tmut           4%           94%         5


Dungeon Overview and Level Annotations

Branches:
Dungeon (2/15)

Altars:

Annotations:
D:2 1 runed translucent door, Crazy Yiuf, Sigmund


Innate Abilities, Weirdness & Mutations

You cannot wear most types of armour.
You are very stealthy in the water. (Stealth+)
You are amphibious.
You can wear up to eight rings at the same time.
You can use your tentacles to constrict eight enemies at once.
Your skin changes colour to match your surroundings (Stealth+).
Your rubbery body absorbs attacks. (AC +1, EV +1)


Message History

Your tentacle spike misses the quokka.
The quokka bites you.
You closely miss the quokka. You grab the quokka.
You pierce the quokka.
You kill the quokka!
The frilled lizard hisses angrily.
The frilled lizard bites you.
You tentacle-slap the frilled lizard.
You kill the frilled lizard!
Your tentacle spike disappears.
You see here a frilled lizard corpse.
You completely miss the worker ant. You grab the worker ant.
You constrict the worker ant, but do no damage.
The worker ant bites you.
You are poisoned.
The worker ant poisons you!
You tentacle-slap the worker ant.
The worker ant is lightly wounded.
You constrict the worker ant.
You feel sick. The worker ant bites you.
You are too injured to fight recklessly!
You are too injured to fight recklessly!
You tentacle-slap the worker ant.
The worker ant is lightly wounded.
You constrict the worker ant, but do no damage.
The worker ant bites you.
You are more poisoned.
The worker ant poisons you!
You tentacle-slap the worker ant but do no damage.
You squeeze the worker ant, but do no damage.
The worker ant is lightly wounded.
You constrict the worker ant.
You feel sick. The worker ant closely misses you.
You completely miss the worker ant.
You squeeze the worker ant, but do no damage.
The worker ant is moderately wounded.
You constrict the worker ant.
You feel sick. The worker ant bites you.
* * * LOW HITPOINT WARNING * * *
You tentacle-slap the worker ant but do no damage.
The worker ant is moderately wounded.
You constrict the worker ant, but do no damage.
* * * LOW HITPOINT WARNING * * *
You feel sick. The worker ant bites you!
You die...

.#..#...........#
#..#.##†##### #..#...........#
#..#.#.†....# #..#...........#
#..#.#..###.#
#..#...........#####........
#.. #.....#....$...'...
....#..# ###
#........#.....######...#..#)#
#
#..............'......!.#..#.#
#
#.....####...(†###....#....#.#
# .......#
#.....@.#....#..#.#.# #
.##.... #######B#....#..#.#.#
# .... #...........#.# #
###....###..#.###
+.............#
#....###..#.#.# ####.#
#..#†#.. #.# #..#.### #.#
#..#†#


You could see a worker ant.

Vanquished Creatures
  An orc wizard (D:2)
  A dart slug (D:2)
  A leopard gecko (D:1)
  4 orcs (D:2)
  7 bats
  A giant cockroach (D:1)
  3 goblins
  10 hobgoblins
  3 jackals (D:2)
  2 quokkas (D:2)
  A ball python (D:1)
  5 frilled lizards
  3 kobolds (D:1)
  A rat (D:1)
43 creatures vanquished.

Notes
Turn   | Place    | Note
-------+----------+-------------------------------------------
     0 | D:1      | tilp the Octopode Transmuter began the quest for the Orb.
     0 | D:1      | Reached XP level 1. HP: 13/13 MP: 3/3
   112 | D:1      | Reached skill level 1 in Stealth
   187 | D:1      | Reached skill level 2 in Stealth
   371 | D:1      | Reached XP level 2. HP: 17/18 MP: 5/5
   468 | D:1      | Learned a level 2 spell: Wereblood
   493 | D:1      | Reached skill level 3 in Stealth
   830 | D:1      | You fall into a shaft and drop 1 floor!
   852 | D:2      | Reached XP level 3. HP: 23/23 MP: 6/6
   873 | D:2      | Reached skill level 4 in Stealth
  1299 | D:1      | You fall into a shaft and drop 1 floor!
  1554 | D:2      | Noticed Sigmund
  1674 | D:2      | Found a runed translucent door.
  1675 | D:2      | Noticed Crazy Yiuf
  1724 | D:2      | Reached XP level 4. HP: 29/29 MP: 1/7
  1819 | D:2      | Slain by a worker ant

Illustrated notes

Levels and vault maps discovered:
D:1:      mushboom_english_gardens, layout_loops_ring
D:2:      kennysheep_big_flooded_room, layout_basic, grunt_ministairs_5,
          uniq_sigmund, uniq_crazy_yiuf_cottage

Skill      XL: |  1  2  3 |
---------------+----------+-----
Stealth        | 2 3 4 |  4.0
Fighting       | 2 |  2.1
Dodging        | |  2.0
Unarmed Combat | |  3.5
Spellcasting   | |  2.0
Transmutations | |  2.0

Action                   |  1- 3 |  4- 6 || total
-------------------------+-------+-------++-------
Melee: Unarmed           |    86 |    12 ||    98
       Constrict         |    24 |     4 ||    28
       Tentacles         |    15 |     3 ||    18
       Kick              |     7 |     3 ||    10
       Punch             |     2 |       ||     2
 Cast: Beastly Appendage |     7 |     1 ||     8
       Wereblood         |     3 |       ||     3
  Use: Scroll            |     1 |       ||     1
 Stab: Sleeping          |     9 |       ||     9
Armor: Skin              |     4 |       ||     4
Dodge: Dodged            |    41 |     3 ||    44

Table legend: (Time is in decaauts)
 A = Elapsed time spent in this place.
 B = Non-inter-level travel time spent in this place.
 C = Inter-level travel time spent in this place.
 D = Time resting spent in this place.
 E = Time spent auto-exploring this place.
 F = Levels seen in this place.
 G = Mean time per level.
                   A        B        C        D        E       F      G
               +--------+--------+--------+--------+--------+-----+--------+
         Total |   1816 |   1744 |     72 |    324 |   1053 |   2 |  908.0 |
       Dungeon |   1816 |   1744 |     72 |    324 |   1053 |   2 |  908.0 |
               +--------+--------+--------+--------+--------+-----+--------+

Top non-repeatable levels by time:
     D:1: 1248 daAuts
     D:2: 567 daAuts
